 Dungeon Crawl Stone Soup version 0.31.0-9-g3a7656b989 (webtiles) character file.

Game seed: 10308872005914859338

477 qw the Shooter (level 6, -8/51 HPs)
             Began as a Demigod Hunter on Feb 2, 2024.
             Mangled by Edmund
             ... wielding a +5 flail of venom
              (9 damage)
             ... on level 4 of the Dungeon.
             The game lasted 00:00:10 (2554 turns).

qw the Shooter (Demigod Hunter)                     Turns: 2554, Time: 00:00:10

Health: -8/51      AC:  6    Str: 12    XL:     6   Next: 54%
Magic:  8/8        EV: 12    Int: 11    God:
Gold:   218        SH:  0    Dex: 25    Spells: 5/5 levels left

rFire   . . .        a - +0 shortbow
rCold   + . .        (shield currently unavailable)
rNeg    . . .        f - +0 ring mail
rPois   .            (no helmet)
rElec   .            (no cloak)
rCorr   .            (no gloves)
SInv    .            h - +0 pair of boots
Will    .....        (no amulet)
Stlth   ++           d - ring of protection from cold
HPRegen 0.28/turn    (no ring)
MPRegen 0.11/turn

%: no passive effects
@: lethally poisoned (-8 -> -34), about to teleport
A: high MP 1, forlorn, divine attributes
a: no special abilities


You were on level 4 of the Dungeon.
You visited 1 branch of the dungeon, and saw 4 of its levels.

You collected 218 gold pieces.


Innate Abilities, Weirdness & Mutations

You have an increased reservoir of magic. (+10% MP)
You shall have no god before yourself.
Your divine heritage dramatically boosts your attributes as you level up.


   Skills:
 - Level 3.0 Fighting
 + Level 6.5 Ranged Weapons
 - Level 1.0 Armour
 - Level 3.0 Dodging
 - Level 0.8 Stealth


You had 5 spell levels left.
You didn't know any spells.
Your spell library was empty.

Inventory:

Hand Weapons
 a - a +0 shortbow (weapon)
Armour
 f - a +0 ring mail (worn)
 g - a +0 pair of gloves
 h - a +0 pair of boots (worn)
Jewellery
 d - a ring of protection from cold (left hand)
 l - a ring of ice
Wands
 c - a wand of charming (7)
Scrolls
 k - a scroll of identify
Potions
 e - a potion of heal wounds
 i - a potion of berserk rage {unknown}
 j - 2 potions of mutation {unknown}

Dungeon Overview and Level Annotations

Branches:
Dungeon (4/15)
 Temple: D:4-7

Shops:
D:3 =

Annotations:
D:4 Edmund


Message History

You see here 8 gold pieces.
You shoot an arrow. The hobgoblin shouts!
The arrow hits the hobgoblin!
You kill the hobgoblin!
You shoot an arrow. The arrow barely misses Edmund.
You shoot an arrow. The arrow barely misses Edmund.
You shoot an arrow. The arrow barely misses Edmund.
You shoot an arrow. The arrow closely misses Edmund.
Edmund hits you with a +5 flail of venom.
You are poisoned.
You shoot an arrow.
The arrow hits Edmund but does no damage.
You feel very sick.
A giant cockroach comes into view.
Edmund barely misses you.
You shoot an arrow.
The arrow hits Edmund but does no damage.
You feel very sick. Edmund closely misses you.
You shoot an arrow. The arrow hits Edmund.
Edmund is lightly wounded.
You feel sick.
Edmund hits you with a +5 flail of venom!
You are more poisoned.
Edmund hits you with a +5 flail of venom!
You are lethally poisoned!
You shoot an arrow. The arrow barely misses Edmund.
You feel extremely sick.
The giant cockroach bites you but does no damage.
Edmund hits you with a +5 flail of venom.
You are more poisoned.
The giant cockroach barely misses you.
2554 ||| READING scroll of teleportation.
As you read the scroll of teleportation, it crumbles to dust.
You feel strangely unstable.
You feel extremely sick.
Edmund hits you with a +5 flail of venom!
You die...
Edmund says, "I'd like to see a scythe do that!"

....######.#####
........#..#
..........##
.........##
........#######
..............##
.......#.....>.#
.%....##.......#
...... #..@....#
.....# #.B@....#
..... ##.....##
.#### #....##
....## #....%
#...## #...#


You could see Edmund and a giant cockroach.

Vanquished Creatures
  Sigmund (D:2)
  An orc priest (D:4)
  2 sleepcaps (D:4)
  An iguana (D:4)
  Ijyb (D:4)
  Natasha (twice) (D:2)
  3 adders
  4 dart slugs
  A ribbon worm (D:2)
  9 orcs
  2 ball pythons (D:1)
  6 endoplasms
  3 giant cockroaches (D:1)
  A gnoll zombie (D:4)
  11 goblins
  3 hobgoblins
  2 jackals (D:1)
  4 kobolds
  8 quokkas
  6 bats
  3 frilled lizards
  6 rats
80 creatures vanquished.

Notes
Turn   | Place    | Note
-------+----------+-------------------------------------------
     0 | D:1      | qw the Demigod Hunter began the quest for the Orb.
     0 | D:1      | Reached XP level 1. HP: 17/17 MP: 3/3
     0 | D:1      | 0 ||| qw: Version: 0.3-a-155-g5e7d8dd
     0 | D:1      | 0 ||| qw: Game counter: 101
     0 | D:1      | 0 ||| qw: Melee chars always use a shield: true
     0 | D:1      | 0 ||| qw: God list: Okawaru
     0 | D:1      | 0 ||| qw: Allow faded altars: false
     0 | D:1      | 0 ||| qw: Do Orc after clearing Dungeon:15 true
     0 | D:1      | 0 ||| qw: Do second Lair branch before Depths: true
     0 | D:1      | 0 ||| qw: Lair rune preference: random
     0 | D:1      | 0 ||| qw: Goals: Normal
     0 | D:1      | 0 ||| PLANNING D:1-11
   145 | D:1      | Reached skill level 4 in Ranged Weapons
   151 | D:1      | Reached XP level 2. HP: 24/24 MP: 4/4
   589 | D:1      | Reached XP level 3. HP: 29/29 MP: 5/5
   773 | D:1      | 773 ||| READING scroll labelled QUHAHUEROY.
   773 | D:1      | 773 ||| IDENTIFYING murky amethyst potion
   774 | D:1      | 774 ||| READING 2 scrolls labelled HEVAYFFOJI.
   775 | D:1      | 775 ||| DROPPING scroll of butterflies.
   776 | D:1      | 776 ||| DROPPING potion of magic.
   777 | D:1      | 777 ||| DROPPING scroll of blinking.
  1089 | D:2      | Noticed Sigmund
  1102 | D:2      | 1102 ||| DRINKING murky golden potion.
  1110 | D:2      | Killed Sigmund
  1111 | D:2      | Reached skill level 6 in Ranged Weapons
  1111 | D:2      | Reached XP level 4. HP: 16/36 MP: 6/6
  1111 | D:2      | Reached XP level 5. HP: 19/41 MP: 7/7
  1325 | D:2      | Noticed Natasha
  1327 | D:2      | Killed Natasha
  1556 | D:2      | Noticed Natasha
  1568 | D:2      | Killed Natasha
  1702 | D:2      | 1702 ||| UPGRADING to ring of protection from cold.
  1703 | D:2      | 1703 ||| READING scroll of identify.
  1703 | D:2      | 1703 ||| IDENTIFYING scroll labelled VIOVVUPLOG
  1785 | D:3      | Reached skill level 3 in Fighting
  1794 | D:3      | 1794 ||| FLEEEEING.
  1795 | D:3      | 1795 ||| FLEEEEING.
  1796 | D:3      | 1796 ||| FLEEEEING.
  1827 | D:3      | Reached XP level 6. HP: 49/51 MP: 8/8
  2106 | D:3      | Found Qegaex's Jewellery Shoppe.
  2113 | D:3      | 2113 ||| SHOPLISTING +4 ring of protection (468 gold, have
                  | 162).
  2113 | D:3      | 2113 ||| SHOPLISTING +6 ring of dexterity (468 gold, have
                  | 162).
  2113 | D:3      | 2113 ||| SHOPLISTING amulet "Cedur" {Regen+ Str+2} (535
                  | gold, have 162).
  2113 | D:3      | 2113 ||| SHOPLISTING amulet "Gaxeosiv" {Acrobat ^Fragile
                  | rF+++ rC+++ Stlth+} (1337 gold, have 162).
  2113 | D:3      | 2113 ||| SHOPLISTING amulet of regeneration (390 gold, have
                  | 162).
  2113 | D:3      | 2113 ||| SHOPLISTING ring of poison resistance (260 gold,
                  | have 162).
  2113 | D:3      | 2113 ||| SHOPLISTING ring of protection from cold (325
                  | gold, have 162).
  2298 | D:3      | 2298 ||| UPGRADING to +0 ring mail.
  2308 | D:3      | 2308 ||| DROPPING +0 leather armour.
  2309 | D:3      | 2309 ||| UPGRADING to +0 pair of boots.
  2314 | D:3      | 2314 ||| READING scroll of identify.
  2314 | D:3      | 2314 ||| IDENTIFYING smoky blue potion
  2315 | D:3      | 2315 ||| READING scroll labelled PEIKHUKYZA.
  2316 | D:3      | 2316 ||| READING 2 scrolls labelled YZUBBE HAQUDGH.
  2317 | D:3      | 2317 ||| DROPPING scroll of amnesia.
  2345 | D:4      | 2345 ||| PLANNING OSSUARY
  2372 | D:4      | Noticed Ijyb
  2382 | D:4      | Killed Ijyb
  2383 | D:4      | Reached skill level 1 in Armour
  2489 | D:4      | Reached skill level 3 in Dodging
  2544 | D:4      | Noticed Edmund
  2553 | D:4      | HP: 9/51 [Edmund/+5 flail of venom (5)]
  2554 | D:4      | 2554 ||| READING scroll of teleportation.
  2554 | D:4      | HP: 1/51 [poisoned by Edmund]
  2554 | D:4      | Mangled by Edmund

Levels and vault maps discovered:
D:1:      onia_arrival_handbag, layout_basic,
          hellmonk_ecumenical_altar_pennies_from_heaven
D:2:      kennysheep_big_flooded_room, layout_loops_ring, grunt_ministairs_11,
          corexii_item_surrounded_by_moat, uniq_natasha, uniq_sigmund
D:3:      layout_basic, serial_shops, nicolae_shop_trees
D:4:      layout_cave_pods, enter_ossuary_3, uniq_eustachio, uniq_blork_the_orc,
          uniq_ijyb, uniq_edmund

Skill      XL: |  1  2  3  4  5  6 |
---------------+-------------------+-----
Ranged Weapons | 4 6 |  6.5
Fighting       | 2 3 |  3.0
Dodging        | 2 3 |  3.0
Armour         | 1 |  1.0
Stealth        | |  0.8

Action                     |  1- 3 |  4- 6 || total
---------------------------+-------+-------++-------
   Fire: Shortbow          |   106 |   138 ||   244
    Use: Scroll            |     2 |     5 ||     7
         Potion            |     1 |       ||     1
 Armour: Leather armour    |    27 |    15 ||    42
         Ring mail         |       |    12 ||    12
  Dodge: Dodged            |    24 |    17 ||    41

Table legend:
 A = Non-vault XP
 B = Vault XP
 C = Vault XP percentage of total XP
 D = Non-vault monster count
 E = Vault monster count
 F = Vault count percentage of total count
                 A         B        C        D         E       F
            +---------+---------+-------+---------+---------+-------
      Total |     350 |     332 |  48.7 |      68 |      12 |  15.0
            +---------+---------+-------+---------+---------+-------
        D:1 |      45 |       7 |  13.5 |      25 |       4 |  13.8
        D:2 |      86 |     288 |  77.0 |      13 |       6 |  31.6
        D:3 |      46 |       0 |   0.0 |      17 |       0 |   0.0
        D:4 |     173 |      37 |  17.6 |      13 |       2 |  13.3
            +---------+---------+-------+---------+---------+-------
